 Dungeon Crawl Stone Soup version 0.17-a0-913-g36eb389 (console) character file.

77 sose the Skirmisher (level 4, 0/41 HPs)
             Began as a Hill Orc Wanderer on May 3, 2015.
             Was an Initiate of Ru.
             Slain by a gnoll
             ... wielding a cursed +0 club
              (9 damage)
             ... on level 3 of the Dungeon.
             The game lasted 00:03:25 (1531 turns).

sose the Skirmisher (Hill Orc Wanderer)             Turns: 1531, Time: 00:03:25

Health: 0/41       AC:  5    Str: 14    XL:     4   Next: 34%
Magic:  4/4        EV: 14    Int: 14    God:    Ru [......]
Gold:   144        SH:  0    Dex:  9    Spells: 0 memorised, 3 levels left

rFire  . . .     SeeInvis .     p - +0 hand axe
rCold  . . .     Clarity  .     b - +0 ring mail
rNeg   . . .     SustAb   .     (no shield)
rPois  .         Gourm    .     (no helmet)
rElec  .         Spirit   .     (no cloak)
rCorr  .         Warding  .     (no gloves)
rMut   .         Stasis   .     (no boots)
MR     .....                    (no amulet)
Stlth  ..........               s - ring of teleport control
                                j - +4 ring of evasion

@: not resistant to hostile enchantments, extremely unstealthy
A: no striking features
a: Renounce Religion, Evoke Teleport Control


You were on level 3 of the Dungeon.
You worshipped Ru.
Ru was noncommittal.
You were not hungry.

You visited 1 branch of the dungeon, and saw 3 of its levels.

You collected 144 gold pieces.

Inventory:

Hand weapons
 d - a +0 club
 f - a +0 spear
 o - a +0 dagger of protection
 p - a +0 hand axe (weapon)
Armour
 b - a +0 ring mail (worn)
Jewellery
 j - a +4 ring of evasion (left hand)
 r - an uncursed ring of sustain abilities
 s - a ring of teleport control (right hand)
Magical devices
 a - a wand of enslavement (15)
 u - a wand of enslavement (11)
Scrolls
 h - 2 scrolls of immolation {unknown}
 l - 2 scrolls of enchant armour {unknown}
 n - a scroll of amnesia {unknown}
 q - 2 scrolls of recharging {unknown}
 t - 4 scrolls of identify {unknown}
 v - a scroll of random uselessness {unknown}
 w - a scroll of remove curse {unknown}
 y - 2 scrolls of enchant weapon {unknown}
Potions
 c - a potion of lignification
 g - a potion of haste {unknown}
 i - 2 potions of curing {unknown}
 m - 2 potions of degeneration {unknown}
 x - a potion of brilliance {unknown}
Comestibles
 e - 2 bread rations
 k - 2 meat rations
 z - 2 chunks of flesh
 A - a beef jerky


   Skills:
 - Level 4.8 Fighting
 + Level 4.4 Axes
   Level 1.0 Crossbows
 - Level 2.5 Armour
 - Level 0.8 Dodging
   Level 1.1 Shields
 - Level 1.1 Unarmed Combat
 - Level 1.0 Evocations


You had 3 spell levels left.
You didn't know any spells.

Dungeon Overview and Level Annotations

Branches:
Dungeon (3/15)

Altars:
Elyvilon
Gozag
Ru
Vehumet
Yredelemnul


Message History

The gnoll hits you with a flail!
* * * LOW HITPOINT WARNING * * *
You are too injured to fight recklessly!
You are too injured to fight recklessly!
You hit the gnoll.
You kill the gnoll!
The gnoll misses you.
You hit the gnoll.
The gnoll is moderately wounded.
The gnoll hits you with a club.
* * * LOW HITPOINT WARNING * * *
You hit the gnoll but do no damage.
The gnoll is moderately wounded.
You hit the gnoll.
The gnoll is severely wounded.
The gnoll hits you but does no damage.
You hit the gnoll.
The gnoll is almost dead.
The gnoll hits you with a club!
You die...

..^....## #.#
###.....###.#
.............
###.....###.#
##...## #.# ##.##
#.# #.# ##.## #.#
#...#######.#.#
#.####.#....@g$....#
#........###########
#.######## #.# #.#
#.# ..# ###


You could see a gnoll.

Vanquished Creatures
  2 gnolls (D:3)
  2 adders
  A worm (D:2)
  3 bats
  2 giant cockroaches (D:1)
  4 goblins
  3 hobgoblins
  6 jackals
  2 ball pythons
  2 giant geckos
  A giant newt (D:2)
  5 kobolds
  2 quokkas (D:2)
  5 rats
40 creatures vanquished.

Notes
Turn   | Place    | Note
--------------------------------------------------------------
     0 | D:1      | sose, the Hill Orc Wanderer, began the quest for the Orb.
     0 | D:1      | sose set off with: a wand of enslavement (15), a +0 ring mail, a potion of lignification, a +0 club, a bread ration
     0 | D:1      | Reached XP level 1. HP: 22/22 MP: 1/1
   122 | D:1      | Reached XP level 2. HP: 25/28 MP: 2/2
   275 | D:1      | Reached skill level 1 in Axes
   579 | D:2      | Found an opulent altar of Gozag.
   689 | D:2      | Found a sacrificial altar of Ru.
   699 | D:2      | Reached XP level 3. HP: 23/35 MP: 3/3
   703 | D:2      | Found a white marble altar of Elyvilon.
   834 | D:2      | Became a worshipper of Ru the Awakened
   894 | D:2      | Found a basalt altar of Yredelemnul.
   971 | D:2      | Found a radiant altar of Vehumet.
  1468 | D:3      | Reached XP level 4. HP: 41/41 MP: 4/4
  1531 | D:3      | Slain by a gnoll

Action                   |  1- 3 |  4- 6 || total
-------------------------+-------+-------++-------
Melee: Spear             |    53 |       ||    53
       Hand axe          |   112 |    28 ||   140
  Eat: Meat ration       |     1 |       ||     1
